 Dungeon Crawl Stone Soup version 0.31.0-12-g77e489cdc1 (webtiles) character file.

Game seed: 14195878083778838419

3548 hawla the Cleaver (level 9, -3/74 HPs)
             Began as a Minotaur Fighter on Feb 17, 2024.
             Incinerated by a deep elf pyromancer (11 damage)
             ... with a pyre arrow
             ... on level 8 of the Dungeon.
             The game lasted 00:13:57 (6148 turns).

hawla the Cleaver (Minotaur Fighter)                Turns: 6148, Time: 00:13:58

Health: -3/74      AC: 19    Str: 26    XL:     9   Next: 83%
Magic:  8/8        EV:  9    Int:  5    God:
Gold:   234        SH: 11    Dex: 12    Spells: 8/8 levels left

rFire   . . .        a - +0 war axe (heavy)
rCold   . . .        c - +1 buckler
rNeg    . . .        h - +0 plate armour
rPois   .            (helmet restricted)
rElec   .            q - +1 cloak
rCorr   +            y - +0 pair of fencer's gloves {Riposte Dex+3}
SInv    .            x - +0 pair of boots
Will    +....        m - amulet of reflection Stlth
                     e - ring of resist corrosion
HPRegen 0.32/turn    n - ring of willpower
MPRegen 0.11/turn

%: reflection
@: on fire, about to teleport, glowing
A: horns 2, retaliatory headbutt
a: no special abilities


You were on level 8 of the Dungeon.
You visited 2 branches of the dungeon, and saw 9 of its levels.

You collected 513 gold pieces.
You spent 279 gold pieces at shops.

Inventory:

Hand Weapons
 a - a +0 heavy war axe (weapon)
Armour
 c - a +1 buckler (worn)
 h - a +0 plate armour (worn)
 q - a +1 cloak (worn)
 x - a +0 pair of boots (worn)
 y - the +0 pair of fencer's gloves (worn) {Riposte Dex+3}
   (You acquired it on level 7 of the Dungeon)

   Riposte:   It allows the wearer to riposte with melee weapons, swiftly
   retaliating against missed or blocked melee attacks.
   Dex+3:     It affects your dexterity (+3).
Jewellery
 e - a ring of resist corrosion (left hand)
 m - an amulet of reflection (around neck)
 n - a ring of willpower (right hand)
 A - a +5 ring of evasion
Wands
 i - a wand of iceblast (18)
Scrolls
 b - 2 scrolls of immolation
 f - a scroll of enchant armour
 j - a scroll of vulnerability
 l - a scroll of revelation
 r - 2 scrolls of amnesia
 s - a scroll of teleportation
 u - 3 scrolls of enchant weapon
Potions
 d - a potion of might
 g - 2 potions of cancellation
 k - 3 potions of lignification
 o - a potion of invisibility
 p - a potion of attraction
 t - 3 potions of heal wounds
 v - 2 potions of degeneration {unknown}
 z - 2 potions of enlightenment {unknown}
 B - a potion of haste {unknown}


   Skills:
 - Level 5.0 Fighting
 + Level 10.9 Axes
 - Level 10.0 Armour
 - Level 6.0 Dodging
 - Level 5.0 Shields
 - Level 3.0 Evocations


You had 8 spell levels left.
You didn't know any spells.
Your spell library was empty.

Dungeon Overview and Level Annotations

Branches:
Dungeon (8/15)             Temple (1/1) D:4            Lair (0/5) D:8

Altars:
Cheibriados
Fedhas
Gozag
Hepliaklqana
Kikubaaqudgha
Makhleb
Nemelex Xobeh
Okawaru
Qazlal
Ru
Uskayaw
Vehumet
Xom
Zin


Innate Abilities, Weirdness & Mutations

You have a pair of horns on your head.
You reflexively headbutt those who attack you in melee.


Message History

A deep elf pyromancer is nearby!
The deep elf pyromancer casts a spell at you.
The pyre arrow hits you.
You are covered in intense liquid fire!
You shake off some of the fire as you move.
The liquid fire burns you!
The deep elf pyromancer hits you with a +0 long sword.
You closely miss the deep elf pyromancer.
Your headbutt misses the deep elf pyromancer.
The liquid fire burns you!
The deep elf pyromancer closely misses you.
The deep elf pyromancer completely misses you.
You closely miss the deep elf pyromancer.
Your headbutt misses the deep elf pyromancer.
The liquid fire burns you!
* * * LOW HITPOINT WARNING * * *
The deep elf pyromancer casts a spell at you.
The pyre arrow hits you.
You are even more covered in intense liquid fire!
As you read the scroll of fear, it crumbles to dust.
You assume a fearsome visage.
The deep elf pyromancer looks frightened!
The liquid fire burns you!
* * * LOW HITPOINT WARNING * * *
The deep elf pyromancer mumbles some strange words.
The deep elf pyromancer blinks!
You feel much better. The liquid fire burns you!
* * * LOW HITPOINT WARNING * * *
The deep elf pyromancer casts a spell.
The deep elf pyromancer blinks!
As you read the scroll of teleportation, it crumbles to dust.
You feel strangely unstable. The liquid fire burns you!
* * * LOW HITPOINT WARNING * * *
The deep elf pyromancer mumbles some strange words.
The deep elf pyromancer blinks!
You shake off some of the fire as you move.
The liquid fire burns you!
You die...

#. #.####### ..... .#
###...##.# ......#.#
#)..# .#
##†..##.####.#
#†..@.)).....#
#....##)###..# #.#.##
.# ##.#.# (#
#######....# .#
######.......#...[..#
..≈...#..#.#.....####
#
#...#......##..#....
#. #..P##...#.#
#...### #####.#####


There were no monsters in sight!

Vanquished Creatures
  Pikel (D:5)
  Joseph (D:7)
  Grum (D:8)
  Menkaure (D:7)
  A water moccasin (D:6)
  2 orc warriors (D:7)
  A sky beast (D:6)
  A black bear (D:6)
  A centaur (D:8)
  4 wolves (D:8)
  A phantom (D:6)
  4 lemures (D:5)
  A kobold brigand (D:8)
  Blork the orc (D:4)
  2 scorpions
  A bullfrog (D:6)
  3 howler monkeys (D:7)
  2 hounds
  6 orc priests
  A gnoll bouda (D:6)
  2 jellies
  A quasit (D:5)
  Crazy Yiuf (D:3)
  2 sleepcaps
  Ijyb (D:4)
  3 iguanas
  12 orc wizards
  4 gnolls (D:6)
  10 adders
  6 shadow imps
  3 white imps
  4 ufetubi
  2 ribbon worms (D:3)
  7 dart slugs
  31 orcs
  4 endoplasms
  2 giant cockroaches
  5 goblins
  9 hobgoblins
  9 kobolds
  4 quokkas
  5 ball pythons
  6 bats
  4 frilled lizards
  A rat (D:1)
174 creatures vanquished.

Notes
Turn   | Place    | Note
-------+----------+-------------------------------------------
     0 | D:1      | hawla the Minotaur Fighter began the quest for the Orb.
     0 | D:1      | Reached XP level 1. HP: 19/19 MP: 0/0
    48 | D:1      | Reached XP level 2. HP: 20/27 MP: 1/1
   364 | D:1      | Reached XP level 3. HP: 34/34 MP: 2/2
   896 | D:2      | Reached XP level 4. HP: 41/41 MP: 3/3
   908 | D:2      | You fall into a shaft and drop 2 floors!
   981 | D:4      | Noticed a scorpion
   991 | D:4      | Killed a scorpion
   992 | D:4      | Reached skill level 5 in Fighting
   992 | D:4      | Reached skill level 5 in Shields
  1008 | D:4      | Noticed Blork the orc
  1128 | D:4      | Found a staircase to the Ecumenical Temple.
  1139 | Temple   | Entered the Ecumenical Temple
  1206 | D:3      | Reached XP level 5. HP: 48/48 MP: 4/4
  1920 | D:3      | Found a faded altar of an unknown god.
  2339 | D:3      | Found a runed translucent door.
  2340 | D:3      | Noticed Crazy Yiuf
  2345 | D:3      | Killed Crazy Yiuf
  2446 | D:4      | Reached XP level 6. HP: 56/56 MP: 5/5
  2496 | D:4      | Noticed Ijyb
  2503 | D:4      | Killed Ijyb
  2675 | D:4      | Reached skill level 5 in Dodging
  2824 | D:4      | Found a sacrificial altar of Ru.
  2834 | D:4      | Found an ancient bone altar of Kikubaaqudgha.
  2919 | D:4      | Killed Blork the orc
  3266 | D:5      | Entered Level 5 of the Dungeon
  3555 | D:5      | Reached skill level 1 in Evocations
  3659 | D:5      | Reached XP level 7. HP: 53/61 MP: 6/6
  3819 | D:5      | Noticed Pikel
  3831 | D:5      | Killed Pikel
  3832 | D:5      | Reached XP level 8. HP: 9/68 MP: 7/7
  4340 | D:6      | Found a snail-covered altar of Cheibriados.
  4362 | D:6      | Identified the +0 robe "Wozitah" {rF- Dex+7}
  4596 | D:6      | Reached skill level 10 in Armour
  4644 | D:6      | Found a hazy altar of Hepliaklqana.
  5053 | D:6      | Reached skill level 5 in Axes
  5170 | D:7      | Found Yprilao's Magic Scroll Shoppe.
  5176 | D:7      | Noticed Menkaure
  5177 | D:7      | Reached XP level 9. HP: 74/74 MP: 8/8
  5576 | D:7      | Killed Menkaure
  5626 | D:7      | Bought a scroll of identify for 26 gold pieces
  5626 | D:7      | Bought a scroll of enchant weapon for 97 gold pieces
  5626 | D:7      | Bought a scroll of identify for 26 gold pieces
  5626 | D:7      | Bought a scroll of identify for 26 gold pieces
  5626 | D:7      | Bought a scroll of identify for 26 gold pieces
  5626 | D:7      | Bought a scroll of identify for 26 gold pieces
  5626 | D:7      | Bought a scroll of identify for 26 gold pieces
  5626 | D:7      | Bought a scroll of identify for 26 gold pieces
  5628 | D:7      | Identified a scroll of acquirement
  5633 | D:7      | Acquired the +0 pair of fencer's gloves {Riposte Dex+3}
  5633 | D:7      | Found the +0 pair of fencer's gloves {Riposte Dex+3}
  5740 | D:7      | Noticed Joseph
  5749 | D:7      | Killed Joseph
  6099 | D:8      | Found a staircase to the Lair.
  6122 | D:8      | Noticed Grum
  6128 | D:8      | Reached skill level 10 in Axes
  6131 | D:8      | Killed Grum
  6139 | D:8      | Noticed a deep elf pyromancer
  6148 | D:8      | Incinerated by a deep elf pyromancer

Illustrated notes

Levels and vault maps discovered:
D:1:      shiori_arrival_elements, layout_rooms
D:2:      layout_basic
D:3:      wad_lake_hut, layout_rooms, hellmonk_ecumenical_altar_arch_garden,
          minmay_misc_feat_roman, uniq_crazy_yiuf_cottage
D:4:      layout_layer_cave, minitemple, minmay_temple_entry_sparse_star,
          uniq_blork_the_orc, uniq_ijyb
D:5:      layout_basic, serial_demonic, serial_demonic_a, serial_demonic_e,
          serial_demonic_c, serial_demonic_c, minmay_misc_feat_plants,
          nicolae_kite_square_tiling_tiny, uniq_pikel
D:6:      layout_gridville, nzn_hepliaklqana_mist_gate, kennysheep_slug_shrine
D:7:      layout_basic, serial_curves, eino_curves_01, eino_curves_02,
          eino_curves_04, serial_shops, shop_scrolls, uniq_menkaure, uniq_joseph
D:8:      layout_loops_ring, nzn_wu_jian_contemplation, dpeg_oklobed_lair,
          uniq_grum, uniq_maurice
Temple:   dpeg_chambers_temple

Skill      XL: |  1  2  3  4  5  6  7  8  9 |
---------------+----------------------------+-----
Fighting       | 4 5 |  5.0
Shields        | 4 5 |  5.0
Dodging        | 2 4 6 |  6.0
Evocations     | 2 3 |  3.0
Armour         | 7 10 | 10.0
Axes           | 5 10 | 10.9

Action                     |  1- 3 |  4- 6 |  7- 9 || total
---------------------------+-------+-------+-------++-------
  Melee: War axe           |    79 |    96 |   171 ||   346
         Headbutt          |    14 |    14 |    22 ||    50
  Evoke: Wand              |       |       |     5 ||     5
    Use: Scroll            |       |    10 |    12 ||    22
         Potion            |       |       |     4 ||     4
   Stab: Held in net/web   |       |     1 |       ||     1
 Armour: Scale mail        |    60 |    71 |   200 ||   331
         Plate armour      |       |       |    29 ||    29
  Dodge: Dodged            |    35 |    54 |   155 ||   244
  Block: Buckler           |    19 |    72 |   170 ||   261
         Reflection        |       |     2 |     5 ||     7
Riposte: War axe           |       |       |    17 ||    17
